 Dungeon Crawl Stone Soup version 0.29-a0-283-ga02f740833 (webtiles) character file.

Game seed: 9698394018550779076

53 spaghetti the Skirmisher (level 3, -1/44 HPs)
             Began as an Ogre Berserker on Mar 13, 2022.
             Was a Follower of Trog.
             Slain by Sigmund
             ... wielding a +1 scythe of protection
              (8 damage)
             ... on level 3 of the Dungeon.
             The game lasted 00:03:12 (3075 turns).

spaghetti the Skirmisher (Ogre Berserker)           Turns: 3075, Time: 00:03:12

Health: -1/44      AC:  3    Str: 20 (23) XL:     3   Next: 89%
Magic:  11/11      EV:  9    Int:  6 (8)  God:    Trog [*.....]
Gold:   132        SH:  0    Dex:  6 (8)  Spells: 2/2 levels left

rFire   . . .      SeeInvis .   a - +0 mace (protect) {mace}
rCold   . . .      Faith    .   (no shield)
rNeg    . . .      Spirit   .   b - +0 animal skin
rPois   .          Reflect  .   (helmet restricted)
rElec   .          Harm     .   (no cloak)
rCorr   .          Rampage  .   (gloves unavailable)
Will    .....      Clarity  +   (boots unavailable)
Stlth   +.........              o - amulet of regeneration {@e2}
HPRegen 0.94/turn               c - ring of magical power
MPRegen 0.12/turn               (no ring)

@: attractive
A: large, unfitting armour, tough skin 1, clarity, low MP 1
a: Renounce Religion, Berserk


You were on level 3 of the Dungeon.
You worshipped Trog.
Trog was aware of your devotion.
You visited 1 branch of the dungeon, and saw 3 of its levels.

You collected 132 gold pieces.


Innate Abilities, Weirdness & Mutations

You are too large for most types of armour.
You have tough skin. (AC +1)
You possess an exceptional clarity of mind.
Your magical capacity is low. (-10% MP)


   Skills:
 + Level 6.2 Fighting
 - Level 2.6 Maces & Flails
 - Level 2.6 Dodging


You had 2 spell levels left.
You didn't know any spells.
Your spell library contained the following spells:

 Spells                   Type           Power      Damage    Failure   Level
 Animate Skeleton         Necr           0%         N/A       45%         1
 Pain                     Necr           0%         1d4       45%         1
 Vampiric Draining        Necr           0%         2d6       83%         3

Inventory:

Hand Weapons
 a - a +0 mace of protection (weapon) {mace}
 n - the +1 whip "Lyesun" {vorpal, +Blink rPois Str+3 Int-3, mace}
   (You found it on level 2 of the Dungeon)

   It inflicts extra damage upon your enemies.
   Str:       It affects your strength (+3).
   Int:       It affects your intelligence (-3).
   rPois:     It protects you from poison.
   +Blink:    It lets you blink.
Missiles
 f - 100 stones (quivered) {throwing}
 m - 5 poisoned darts {throwing}
Armour
 b - a +0 animal skin (worn)
Jewellery
 c - a ring of magical power (left hand)
   (You found it on level 1 of the Dungeon)
 o - an amulet of regeneration (around neck) {@e2}
   (You found it on level 2 of the Dungeon)
Scrolls
 k - a scroll of fear
Potions
 g - 2 potions of attraction {!q}

Dungeon Overview and Level Annotations

Branches:
Dungeon (3/15)

Altars:

Shops:
D:1 !   D:2 :

Annotations:
D:3 Sigmund

#......###........#........#
#.###### ###......#........# #.#
#......#........# #.#
#......#........# #.#
####...#...>....# #.#
#..§#####.#### ###.#####
#...###.#.#.## ..≈....≈#
####...##P.#.#P.#### ≈≈.≈≈≈≈≈≈.≈≈
#..@...#..P#.#...#..
≈≈≈≈≈≈≈≈≈.≈≈≈..####.#PP.#.#####.#
≈≈≈≈≈≈≈≈≈≈≈≈.. #.#.P.#.......#
≈≈≈≈≈.≈≈≈≈≈.. ###...#.#######
.≈.....≈≈.≈. #.PP#.#P..#..
###.......!. ##.P#.#.P##.#
########## ##.#.#.###..
###.#####.# #.......#


There were no monsters in sight!


Message History

You feel a strong urge to attack something.
You feel your anger nearly subside.
You are no longer berserk.
You are exhausted.
You feel yourself slow down. 😎 HP[-22]
You now have 44 max hp (-22).
(D) Dungeon
Where to? (Enter - D:3, ? - help)
You are confused.
Unknown command.
Unknown command.
Unknown command.
Something tries to affect you, but you resist.
You're too confused to move!
You feel less confused. Something hits you but does no damage.
A puff of flame appears from out of thin air!
The puff of flame hits you. 😕 HP[-5]
You take 5 damage, and now have 39/44 hp. 😕 HP[+2]
You regained 2 hp, and now have 41/44 hp.
A magic dart appears from out of thin air!
The magic dart hits you. 😕 HP[-3]
You take 3 damage, and now have 38/44 hp. 😕 HP[+2]
You regained 2 hp, and now have 40/44 hp.
It was a potion of degeneration.
There was something very wrong with that liquid.
You feel weakened.
You feel dopey.
You feel clumsy.
You hear some strange, mumbled words.
A puff of flame appears from out of thin air!
The puff of flame misses you. 😕 HP[+1] It was a potion of mutation.
You feel extremely strange.
You feel less energetic.
Your thoughts seem clearer.
You feel yourself speed up.
Sigmund appears from thin air!
Reactivating autopickup.
Sigmund mumbles some strange words.
Sigmund flickers and vanishes!
Deactivating autopickup; reactivate with Ctrl-A.
Something hits you! 😮 HP[-11] MP[-1]
You take 11 damage, and now have 30/44 hp.
MASSIVE DAMAGE!! (PAUSE) It was a potion of attraction.
You feel attractive to monsters. Something is attracted toward you.
Unknown command.
It was a potion of berserk rage.
You're still recovering from your berserk rage.
Something hits you!
* * * LOW HITPOINT WARNING * * *
😨 HP[-12]
You take 12 damage, and now have 18/44 hp.
MASSIVE DAMAGE!! (PAUSE) Unknown command.
You can't see any enemies this would affect, really read the scroll of fear?
As you read the scroll of fear, it crumbles to dust.
You assume a fearsome visage.
Something is attracted toward you. 😨 HP[+1]
As you read the scroll labelled QEDWEMNUAMN, it crumbles to dust.
It is a scroll of identify.
You don't have any unidentified items.
Something is attracted toward you. 😨 HP[+1]
Something is attracted toward you. 😨 HP[+1]
Something is attracted toward you. 😨 HP[+1]
Something is attracted toward you. 😮 HP[+1]
Something is attracted toward you. 😮 HP[+1]
Something is attracted toward you. 😮 HP[+1]
You hear some strange, mumbled words.
A puff of flame appears from out of thin air!
The puff of flame hits you!
* * * LOW HITPOINT WARNING * * *
Something is attracted toward you. 😨 HP[-8]
You take 8 damage, and now have 17/44 hp.
Something hits you!
* * * LOW HITPOINT WARNING * * *
Something is attracted toward you. 😱 HP[-9]
You take 9 damage, and now have 8/44 hp.
MASSIVE DAMAGE!! (PAUSE)
You recover from your berserk rage.
Something is attracted toward you. 😱 HP[+1]
Something hits you.
* * * LOW HITPOINT WARNING * * *
😱 HP[-3]
You take 3 damage, and now have 6/44 hp.
Something hits you!
You die...

Skill      XL: |  1  2  3 |
---------------+----------+-----
Fighting       | 5 6 |  6.2
Maces & Flails | |  2.6
Dodging        | |  2.6

Action                   || total
-------------------------++-------
Melee: Mace              ||    85
       Whip              ||    10
       Punch             ||     1
Throw: Stone             ||    60
Invok: Berserk           ||     4
  Use: Scroll            ||     7
       Potion            ||     4
Armor: Animal skin       ||    34
Dodge: Dodged            ||    59

Levels and vault maps discovered:
D:1:      dpeg_arrival_snail, layout_loops_corners, serial_shops, shop
D:2:      layout_basic, hellmonk_ecumenical_altar_zigzags, serial_shops, shop
D:3:      layout_basic, serial_aquarium, aquarium_bridge_square
          [aquarium_subvault_wall, aquarium_subvault_bridge,
          aquarium_subvault_bridge, aquarium_subvault_bridge],
          aquarium_window_1, aquarium_window_1, aquarium_window_fake,
          aquarium_view_2d, aquarium_view_2b, chequers_serial_rivers_large_a,
          uniq_sigmund

Notes
Turn   | Place    | Note
-------+----------+-------------------------------------------
     0 | D:1      | spaghetti the Ogre Berserker began the quest for the Orb.
     0 | D:1      | Reached XP level 1. HP: 24/24 MP: 1/1
     0 | D:1      | magus.rc [v1.9.6]
   418 | D:1      | Reached XP level 2. HP: 16/33 MP: 2/2
   740 | D:1      | Found Woutsaa's Distillery.
   854 | D:1      | You pick up a book of Necromancy {forbidden} and begin
                  | reading...
   854 | D:1      | You add the spells Pain, Animate Skeleton and Vampiric
                  | Draining to your library.
   872 | D:1      | Reached skill level 5 in Fighting
  1471 | D:2      | Reached XP level 3. HP: 42/42 MP: 3/3
  1495 | D:2      | Found a faded altar of an unknown god.
  2021 | D:2      | Reached skill level 6 in Fighting
  2228 | D:2      | Found Tiypups's Book Boutique.
  2252 | D:2      | Identified the +1 whip "Lyesun" {vorpal, +Blink rPois Str+3
                  | Int-3}
  3032 | D:3      | Noticed Sigmund
  3061 | D:3      | Gained mutation: Your magical capacity is low. (-10% MP)
                  | [potion of mutation]
  3061 | D:3      | Gained mutation: You possess an exceptional clarity of
                  | mind. [potion of mutation]
  3072 | D:3      | HP: 8/44 [something (10)]
  3075 | D:3      | Slain by Sigmund

Vanquished Creatures
  An adder (D:2)
  3 bats
  4 endoplasms
  4 goblins
  6 hobgoblins
  4 jackals (D:1)
  2 kobolds (D:1)
  2 quokkas
  4 ball pythons
  2 frilled lizards
  7 rats
39 creatures vanquished.

Table legend:
 A = Non-vault XP
 B = Vault XP
 C = Vault XP percentage of total XP
 D = Non-vault monster count
 E = Vault monster count
 F = Vault count percentage of total count
                 A         B        C        D         E       F
            +---------+---------+-------+---------+---------+-------
      Total |      77 |       0 |   0.0 |      39 |       0 |   0.0
            +---------+---------+-------+---------+---------+-------
        D:1 |      32 |       0 |   0.0 |      18 |       0 |   0.0
        D:2 |      34 |       0 |   0.0 |      15 |       0 |   0.0
        D:3 |      11 |       0 |   0.0 |       6 |       0 |   0.0
            +---------+---------+-------+---------+---------+-------

Illustrated notes

Table legend:
 A = Kills in this place as a percentage of kills in entire the game.
 B = Kills by you in this place as a percentage of kills by you in the entire game.
 C = Kills by friends in this place as a percentage of kills by friends in the entire game.
 D = Other kills in this place as a percentage of other kills in the entire game.
 E = Experience gained in this place as a percentage of experience gained in the entire game.
 F = Experience gained in this place divided by the number of levels of this place that you have seen.
                   A       B       C       D       E      F
               +-------+-------+-------+-------+-------+----------------------
         Total | 100.0 | 100.0 |   N/A |   N/A | 100.0 |  25.7
       Dungeon | 100.0 | 100.0 |   N/A |   N/A | 100.0 |  25.7
               +-------+-------+-------+-------+-------+----------------------

Table legend: (Time is in decaauts)
 A = Elapsed time spent in this place.
 B = Non-inter-level travel time spent in this place.
 C = Inter-level travel time spent in this place.
 D = Time resting spent in this place.
 E = Time spent auto-exploring this place.
 F = Levels seen in this place.
 G = Mean time per level.
                   A        B        C        D        E       F      G
               +--------+--------+--------+--------+--------+-----+--------+
         Total |   3131 |   3062 |     69 |    529 |   2185 |   3 | 1043.7 |
       Dungeon |   3131 |   3062 |     69 |    529 |   2185 |   3 | 1043.7 |
               +--------+--------+--------+--------+--------+-----+--------+

Top non-repeatable levels by time:
     D:1: 1477 daAuts
     D:2: 1147 daAuts
     D:3: 507 daAuts
